 Dungeon Crawl Stone Soup version 0.20.1-1-g8b1a95d (webtiles) character file.

8208 HuneSparrow the Carver (level 11, 0/126 HPs)
             Began as a Demonspawn Fighter on July 21, 2017.
             Was an Elder of Makhleb.
             Slain by a death yak (14 damage)
             ... on level 8 of the Dungeon.
             The game lasted 00:43:23 (10545 turns).

HuneSparrow the Carver (Demonspawn Fighter)        Turns: 10545, Time: 00:43:24

Health: 0/126      AC: 25    Str: 19    XL:     11   Next: 6%
Magic:  11/11      EV:  2    Int: 12    God:    Makhleb [****..]
Gold:   25         SH: 12    Dex: 13    Spells: 10/10 levels left

rFire    . . .     SeeInvis .   a - +1 long sword
rCold    . . .     Gourm    .   c - +1 shield
rNeg     + + +     Faith    .   (armour currently unavailable)
rPois    +         Spirit   .   (helmet currently unavailable)
rElec    .         Reflect  .   (cloak currently unavailable)
rCorr    +         Harm     .   (gloves currently unavailable)
MR       .....     NoTele   +   (boots unavailable)
Stlth    +.........             w - amulet of regeneration
Regen    0.8/turn               x - ring of resist corrosion
MPRegen  0.2/turn               (no ring)

@: tree-form, very slightly contaminated, invisible
A: clever 1, powered by death 1, rot immunity
a: Minor Destruction, Lesser Servant of Makhleb, Major Destruction, Renounce
Religion


You were on level 8 of the Dungeon.
You worshipped Makhleb.
Makhleb was greatly pleased with you.
You were not hungry.
You were a tree.
You visited 2 branches of the dungeon, and saw 11 of its levels.

You collected 25 gold pieces.

Inventory:

Hand Weapons
 a - a +1 long sword (weapon)
Armour
 b - a +0 scale mail
 c - a +1 shield (worn)
 d - the +2 leather armour of Fun {rElec Regen+}
   (You found it on level 9 of the Dungeon)

   It insulates you from electricity.
   It increases your rate of regeneration.
 m - a +2 plate armour (melded)
 B - a +0 helmet (melded)
 G - a scarf of spirit shield
 H - a +1 cloak (melded)
Jewellery
 w - an amulet of regeneration (around neck)
 x - a ring of resist corrosion (left branch)
Wands
 v - a wand of random effects (19/48)
 F - a wand of flame (27/48)
 J - a wand of random effects (30/48)
 K - a wand of confusion (14/48)
Scrolls
 e - a scroll of identify
 k - 3 scrolls of magic mapping {unknown}
 l - 2 scrolls of recharging
 n - 3 scrolls of remove curse
 o - 4 scrolls of enchant weapon
 p - 3 scrolls of amnesia
 y - 2 scrolls of teleportation {unknown}
 D - 2 scrolls of immolation
Potions
 g - a potion of mutation
 r - 4 potions of curing
 s - a potion of invisibility
 A - a potion of brilliance
 E - a potion of ambrosia
 M - a potion of flight {unknown}
Comestibles
 f - 9 bread rations
 j - 3 royal jellies
 q - 5 meat rations
 t - 8 fruits


   Skills:
 + Level 7.3 Fighting
 * Level 9.5 Long Blades
 + Level 7.0 Armour
 + Level 6.1 Dodging
 + Level 7.2 Shields


You had 10 spell levels left.
You didn't know any spells.

Dungeon Overview and Level Annotations

Branches:
Dungeon (10/15)            Temple (1/1) D:4            Lair (0/6) D:10
    Orc: D:9-12

Altars:
Ashenzari
Cheibriados
Dithmenos
Elyvilon
Fedhas
Gozag
Hepliaklqana
Kikubaaqudgha
Makhleb
Nemelex Xobeh
Okawaru
Qazlal
Ru
Sif Muna
Trog
Uskayaw
Vehumet
Xom
Yredelemnul
Zin
The Shining One

Shops:
D:9 *

Annotations:
D:8 Maurice


Innate Abilities, Weirdness & Mutations

((You have claws for feet.))
((You are partially covered in yellow scales. (AC +2)))
You regenerate a little health from kills.
You are immune to rotting.
Your mind is acute. (Int +2)
((Your flesh is heat resistant. (rF+)))


Message History

You block the death yak's attack. The death yak gores you.
* * * LOW HITPOINT WARNING * * *
You slash the death yak!
The death yak is moderately wounded.
The death yak gores you!
* * * LOW HITPOINT WARNING * * *
The death yak snorts and paws the ground.
The death yak gores you but does no damage.
You hit the death yak.
The death yak is moderately wounded.
You block the death yak's attack. x2
You fade into invisibility!
The death yak completely misses you. The death yak gores you.
* * * LOW HITPOINT WARNING * * *
You are very lightly contaminated with residual magic.
You catch the helpless death yak completely off-guard!
You slash the death yak!
The death yak is moderately wounded.
The death yak gores you!
You die...

#.# #.........###.###.....
##.#####.....................
#................###.########
###......###.....###.........
#......'...........###..###
#......###.###)###.###.....
#......# #.# #.# #......###
#......# #Y###.############
#......# #♣Y...............
#......#############.#.....
######.#.............#.####
#.##.############.#
#.##......##### #.#
#.######......# #.# #.#
#....).# #.# #.# #......# #.#
#.# #......###.#


You could see 2 death yaks.

Vanquished Creatures
  Erolcha (D:9)
  2 two-headed ogres
  The ghost of loom the Destroyer, a novice DECj of Vehumet (D:6)
  A troll (D:8)
  A hornet (D:6)
  4 hippogriffs
  A spriggan (D:7)
  4 yaks
  A hungry ghost (D:8)
  Grum (D:8)
  A steam dragon (D:9)
  Menkaure (D:6)
  2 ice beasts
  An orc warrior (D:8)
  A black bear (D:6)
  6 phantoms
  An ogre (D:8)
  2 wolves (D:8)
  A crocodile (D:8)
  Blork the orc (D:5)
  6 bullfrogs
  A wyvern skeleton (D:9)
  4 wights (D:8)
  10 killer bees
  2 howler monkeys
  2 bullfrog zombies
  A hound (D:7)
  3 crimson imps
  2 bullfrog skeletons (D:4)
  Crazy Yiuf (D:6)
  2 centaur zombies
  9 orc priests
  8 orc wizards
  2 iguanas
  5 worker ants
  A hound zombie (D:5)
  A hound skeleton (D:9)
  3 worker ant zombies
  3 gnolls (D:9)
  10 adders
  5 oozes
  An adder zombie (D:8)
  2 adder skeletons
  4 worms
  A dart slug (D:1)
  7 leopard geckos
  25 orcs
  A ball python (D:1)
  8 bats
  8 giant cockroaches
  7 goblins
  10 hobgoblins
  6 jackals
  3 quokkas
  5 frilled lizards
  14 kobolds
  9 rats
  A plant (D:1)
227 creatures vanquished.

Notes
Turn   | Place    | Note
-------+----------+-------------------------------------------
     0 | D:1      | HuneSparrow the Demonspawn Fighter began the quest for the Orb.
     0 | D:1      | Reached XP level 1. HP: 18/18 MP: 1/1
   287 | D:1      | Reached skill level 2 in Long Blades
   289 | D:1      | Gained mutation: You are partially covered in yellow scales. (AC +2) [demonic ancestry]
   289 | D:1      | Reached XP level 2. HP: 18/24 MP: 2/2
   744 | D:1      | Gained mutation: You have sharp toenails. [demonic ancestry]
   744 | D:1      | Reached XP level 3. HP: 29/29 MP: 3/3
  1528 | D:2      | Reached XP level 4. HP: 33/35 MP: 4/4
  1852 | D:3      | Reached skill level 1 in Dodging
  2046 | D:3      | Reached skill level 3 in Long Blades
  2340 | D:3      | Gained mutation: You are immune to rotting. [demonic ancestry]
  2340 | D:3      | Reached XP level 5. HP: 41/41 MP: 5/5
  2593 | D:3      | Found an iron altar of Okawaru.
  2665 | D:4      | Found a hide-covered altar of Uskayaw.
  2733 | D:4      | Noticed a phantom
  2818 | D:4      | Killed a phantom
  2818 | D:4      | Gained mutation: You have razor-sharp toenails. [demonic ancestry]
  2818 | D:4      | Reached XP level 6. HP: 44/48 MP: 6/6
  2885 | D:4      | Found a staircase to the Ecumenical Temple.
  2894 | Temple   | Entered the Ecumenical Temple
  3162 | Temple   | Became a worshipper of Makhleb the Destroyer
  3295 | D:4      | Found a white marble altar of Elyvilon.
  3618 | D:5      | Entered Level 5 of the Dungeon
  3634 | D:5      | Reached skill level 4 in Long Blades
  3814 | D:5      | Reached XP level 7. HP: 46/54 MP: 7/7
  4211 | D:5      | Found a snail-covered altar of Cheibriados.
  4235 | D:5      | Noticed Blork the orc
  4246 | D:5      | Killed Blork the orc
  4282 | D:5      | Reached * piety under Makhleb
  4389 | D:5      | Got a shimmering dagger
  4390 | D:5      | Identified the +6 dagger "Munt" {pierce, rN+} (You found it on level 5 of the Dungeon)
  4674 | D:6      | Reached skill level 5 in Long Blades
  5052 | D:6      | Noticed loom's ghost (novice DECj)
  5070 | D:6      | Killed loom's ghost
  5070 | D:6      | Reached XP level 8. HP: 27/61 MP: 1/8
  5074 | D:6      | Reached skill level 5 in Fighting
  5074 | D:6      | Reached skill level 6 in Long Blades
  5180 | D:6      | Found a runed door.
  5184 | D:6      | Noticed Crazy Yiuf
  5190 | D:6      | Killed Crazy Yiuf
  5838 | D:6      | Found a glowing golden altar of the Shining One.
  5917 | D:7      | Noticed a hornet
  5932 | D:6      | Paralysed by a hornet for 3 turns
  5941 | D:6      | Killed a hornet
  5941 | D:6      | Reached skill level 5 in Shields
  6003 | D:7      | Noticed Menkaure
  6067 | D:6      | Reached skill level 5 in Armour
  6113 | D:6      | Killed Menkaure
  6113 | D:6      | Reached XP level 9. HP: 52/68 MP: 9/9
  6154 | D:7      | Found a shimmering altar of Xom.
  6156 | D:7      | Found a shimmering altar of Xom.
  6157 | D:7      | Found a shimmering altar of Xom.
  6158 | D:7      | Found a shimmering altar of Xom.
  6174 | D:7      | Found a shimmering altar of Xom.
  6302 | D:6      | Reached skill level 7 in Long Blades
  6384 | D:7      | Reached ** piety under Makhleb
  7027 | D:7      | Found a glowing silver altar of Zin.
  7028 | D:7      | Found an opulent altar of Gozag.
  7124 | D:7      | Found a radiant altar of Vehumet.
  7368 | D:8      | Reached skill level 5 in Dodging
  7372 | D:8      | Reached skill level 8 in Long Blades
  7746 | D:8      | Gained mutation: You regenerate a little health from kills. [demonic ancestry]
  7746 | D:8      | Reached XP level 10. HP: 69/76 MP: 10/10
  7758 | D:8      | Reached *** piety under Makhleb
  7790 | D:8      | Found a stormy altar of Qazlal.
  7976 | D:9      | Noticed Maurice
  7977 | D:9      | Paralysed by Maurice for 6 turns
  8123 | D:9      | Got a polished leather armour
  8134 | D:9      | Identified the +2 leather armour of Fun {rElec Regen+} (You found it on level 9 of the Dungeon)
  8184 | D:9      | Found Asor's General Store.
  8185 | D:9      | Noticed Grum
  8279 | D:8      | Gained mutation: Your mind is acute. (Int +2) [potion of mutation]
  8279 | D:8      | Gained mutation: Your flesh is heat resistant. (rF+) [potion of mutation]
  8296 | D:8      | Killed Grum
  9134 | D:8      | Paralysed by Maurice for 2 turns
  9145 | D:8      | Paralysed by Maurice for 2 turns
  9151 | D:8      | Paralysed by something for 5 turns
  9385 | D:8      | Noticed a two-headed ogre
  9396 | D:8      | Killed a two-headed ogre
  9441 | D:8      | Paralysed by Maurice for 2 turns
  9502 | D:9      | Reached skill level 9 in Long Blades
  9505 | D:9      | Noticed Erolcha
  9524 | D:9      | Killed Erolcha
  9601 | D:9      | Reached **** piety under Makhleb
  9615 | D:9      | Found a blossoming altar of Fedhas.
  9878 | D:9      | Found a hazy altar of Hepliaklqana.
 10025 | D:10     | Entered Level 10 of the Dungeon
 10025 | D:10     | Found a staircase to the Lair.
 10025 | D:10     | Noticed a death yak
 10025 | D:10     | Noticed a death yak
 10025 | D:10     | Noticed a death yak
 10025 | D:10     | Noticed a two-headed ogre
 10289 | D:9      | Killed a two-headed ogre
 10289 | D:9      | Gained mutation: You have claws for feet. [demonic ancestry]
 10289 | D:9      | Reached XP level 11. HP: 58/84 MP: 11/11
 10545 | D:8      | Slain by a death yak

Skill      XL: |  1  2  3  4  5  6  7  8  9 10 |
---------------+-------------------------------+-----
Long Blades    | 2 3 4 5 6 8 9 |  9.5
Armour         | 3 4 5 6 7 |  7.0
Shields        | 3 4 5 6 7 |  7.2
Dodging        | 1 2 3 4 5 6 |  6.1
Fighting       | 4 5 6 7 |  7.3

Action                   |  1- 3 |  4- 6 |  7- 9 | 10-12 || total
-------------------------+-------+-------+-------+-------++-------
Melee: Long sword        |   136 |   177 |   432 |   354 ||  1099
       Kick              |    15 |    48 |    99 |   117 ||   279
Invok: Minor Destruction |       |       |     4 |     1 ||     5
Evoke: Wand              |       |       |       |     2 ||     2
  Use: Scroll            |     2 |     9 |     5 |     4 ||    20
       Potion            |       |       |     8 |     4 ||    12
 Stab: Confused          |       |       |       |     1 ||     1
       Invisible         |       |       |       |     1 ||     1
  Eat: Chunk             |     2 |     8 |    13 |    11 ||    34
       Meat ration       |       |       |       |     1 ||     1
       Bread ration      |       |       |       |     1 ||     1
Armor: Scale mail        |    58 |    36 |       |       ||    94
       Plate armour      |       |    57 |   256 |   239 ||   552
       Skin              |       |       |   158 |     2 ||   160
Dodge: Dodged            |    32 |    39 |   100 |    80 ||   251
Block: Shield            |    73 |    96 |   310 |   216 ||   695
       Rpst.: Long sword |     9 |    14 |    23 |    12 ||    58
